 Dungeon Crawl Stone Soup version 0.29.1-2-gbd0b4ee654 (webtiles) character file.

Game seed: 8471440025596042806

6029 Du3lingdragon the Fighter (level 10, -21/82 HPs)
             Began as a Barachi Summoner on Nov 5, 2022.
             Was an Initiate of Cheibriados.
             Killed by an exploding butterfly (24 damage)
             ... ignited by their inner flame
             ... on level 7 of the Dungeon.
             The game lasted 00:29:44 (10140 turns).

Du3lingdragon the Fighter (Barachi Summoner)       Turns: 10140, Time: 00:29:45

Health: -21/82     AC: 11    Str: 11    XL:     10   Next: 86%
Magic:  14/18      EV: 14    Int: 20    God:    Cheibriados [......]
Gold:   507        SH:  6    Dex: 20    Spells: 11/20 levels left

rFire   . . .      SeeInvis +   I - +7 Throatcutter {drain, coup de grace}
rCold   . . .      Faith    .   w - +0 buckler
rNeg    . . .      Spirit   .   E - +0 acid dragon scales
rPois   .          Reflect  .   (no helmet)
rElec   .          Harm     .   (no cloak)
rCorr   +          Rampage  .   (no gloves)
Will    .....                   q - +2 pair of boots
Stlth   ++........              o - amulet of regeneration
HPRegen 1.03/turn               l - ring of see invisible
MPRegen 0.16/turn               G - +6 ring of dexterity

@: unable to hop, very slow
A: amphibious, slowness 1, strong legs 1, +LOS
a: Hop, Renounce Religion


You were on level 7 of the Dungeon.
You worshipped Cheibriados.
Cheibriados was noncommittal.
You visited 2 branches of the dungeon, and saw 9 of its levels.

You collected 507 gold pieces.

Inventory:

Hand Weapons
 B - the +3 spear of Eternal Vigilance {vorpal, Drain rF+ rN+}
   (You found it on level 5 of the Dungeon)

   It inflicts extra damage upon your enemies.
   rF:        It protects you from fire.
   rN:        It protects you from negative energy.
   Drain:     It drains your maximum health when unequipped.
 I - the +7 Throatcutter (weapon) {drain, coup de grace}
   (You found it on level 6 of the Dungeon)

   A truly terrible weapon, it drains the life of any living foe it strikes.
   It may instantly kill foes which have little health.
Missiles
 v - a throwing net
Armour
 p - a +0 leather armour
 q - a +2 pair of boots (worn)
 t - a +0 scale mail
 w - a +0 buckler (worn)
 E - +0 acid dragon scales (worn)
Jewellery
 l - a ring of see invisible (left hand)
 o - an amulet of regeneration (around neck)
 x - a +6 ring of strength
 y - an amulet of reflection
 G - a +6 ring of dexterity (right hand)
Wands
 s - a wand of flame (17)
 A - a wand of paralysis (11)
 F - a wand of iceblast (7)
Scrolls
 c - a scroll of poison {unknown}
 d - a scroll of enchant armour
 e - a scroll of immolation
 f - 3 scrolls of teleportation
 g - 2 scrolls of noise
 k - 2 scrolls of vulnerability {unknown}
 m - 2 scrolls of fear {unknown}
 n - 2 scrolls of butterflies
 r - a scroll of magic mapping {unknown}
 D - a scroll of amnesia {unknown}
 K - a scroll of summoning {unknown}
Potions
 a - 2 potions of brilliance
 b - 2 potions of magic
 h - 2 potions of curing
 i - a potion of cancellation {unknown}
 j - a potion of flight {unknown}
 u - a potion of lignification
 z - 2 potions of attraction
 C - a potion of mutation
 H - 2 potions of haste
 J - a potion of resistance {unknown}


   Skills:
 + Level 8.6 Fighting
 * Level 8.1 Long Blades
 - Level 8.0 Armour
 - Level 5.0 Dodging
 - Level 1.7 Stealth
 - Level 6.0 Shields
 * Level 5.8 Spellcasting
 + Level 8.4 Summonings


You had 11 spell levels left.
You knew the following spells:

 Your Spells              Type           Power      Damage    Failure   Level
a - Summon Small Mammal   Summ           100%       N/A       1%          1
b - Call Imp              Summ           39%        N/A       1%          2
c - Call Canine Familiar  Summ           39%        N/A       1%          3
d - Summon Guardian Gole  Hex/Summ       22%        N/A       11%         3

Your spell library contained the following spells:

 Spells                   Type           Power      Damage    Failure   Level
 Sting                    Tmut/Pois      20%        1d4       21%         1
 Blink                    Tloc           10%        N/A       30%         2
 Poisonous Vapours        Pois/Air       10%        N/A       30%         2
 Static Discharge         Conj/Air       5%         3-4/arc   30%         2
 Animate Armour           Summ/Erth      44%        N/A       34%         4
 Summon Lightning Spire   Summ/Air       22%        N/A       34%         4
 Lesser Beckoning         Tloc           5%         N/A       52%         3
 Stone Arrow              Conj/Erth      10%        3d7       52%         3
 Cause Fear               Hex            2%         N/A       89%         4
 Olgreb's Toxic Radiance  Pois           5%         N/A       89%         4
 Lightning Bolt           Conj/Air       2%         1d14      99%         5
 Manifold Assault         Tloc           5%         N/A       99%         5
 Dragon Form              Tmut           2%         N/A       100%        7
 Lehudib's Crystal Spear  Conj/Erth      2%         10d2      100%        8
 Maxwell's Capacitive Co  Air            2%         ∞         100%        8
 Dragon's Call            Summ           19%        N/A       100%        9


Dungeon Overview and Level Annotations

Branches:
Dungeon (8/15)             Temple (1/1) D:7            Lair (0/5) D:8

Altars:
Ashenzari
Cheibriados
Dithmenos
Gozag
Makhleb
Nemelex Xobeh
Qazlal
Trog
Uskayaw
Vehumet
Xom
Yredelemnul

Shops:
D:1 ?   D:7 =


Innate Abilities, Weirdness & Mutations

You are amphibious.
You cover ground slowly.
You can hop short distances.
You have an extended range of vision and can be seen from far away.


Message History

The death yak is almost dead.
Your rat explodes!
The fiery explosion engulfs the death yak!
Cheibriados appreciates the change of pace.
The death yak explodes!
The fiery explosion engulfs your hound!!!
Your hound's corpse disappears in a puff of smoke!
The fiery explosion engulfs your quokka!!
Your quokka's corpse disappears in a puff of smoke!
Your quokka explodes!
Your hound explodes!
Your butterfly explodes! x2
The fiery explosion engulfs your butterfly!!
Your butterfly disappears in a burst of colours!
Your butterfly explodes!
The fiery explosion engulfs your butterfly!
Your butterfly disappears in a burst of colours!
The fiery explosion engulfs your butterfly!!
Your butterfly disappears in a burst of colours!
Your butterfly explodes!
The fiery explosion engulfs you!
* * * LOW HITPOINT WARNING * * *
The fiery explosion engulfs your crimson imp.
Your crimson imp completely resists.
Your butterfly explodes!
The fiery explosion engulfs you!
* * * LOW HITPOINT WARNING * * *
The fiery explosion engulfs your crimson imp.
Your crimson imp completely resists.
Your Long Blades skill increases to level 8!
Your butterfly is engulfed in blazing flames.
Your butterfly disappears in a burst of colours!
Your butterfly explodes!
The fiery explosion engulfs your crimson imp.
Your crimson imp completely resists.
The fiery explosion engulfs your butterfly!!
Your butterfly disappears in a burst of colours!
The fiery explosion engulfs you.
* * * LOW HITPOINT WARNING * * *
Your butterfly explodes!
The fiery explosion engulfs you!!
You die...

#.#~.....~...#..#.............'..
#.#~~...~~)..#..##...........##..
....~~~~~.#......+...........+...
.##########.######...........####
.###....#.).(#...####'##+#...#
...#.##.#.####.#.# #....#.###
#.##.##.#.#....#.# ######.####
#....##.#.#.#.§§.# #....#
#######<#[#.#.#§@# ####.#
#.....#(#'#...#§5############'##
#.......(.....#§§##............#
#....(........#§§##.....[......#
#.............#§§##............#
..............§§§§+............#
##.........######°#............#
##.........'.....§§............#
.'.........#(..#.##§#######'#####


You could see a friendly crimson imp (summoned, inner flame).

Vanquished Creatures
  2 death yaks (D:7)
  Maggie (D:6)
  A hornet (D:7)
  2 wyverns (D:7)
  2 steam dragons
  Duvessa (D:6)
  3 sky beasts (D:7)
  2 orc warriors
  2 ice beasts
  7 kobold brigands
  4 bullfrogs
  A necrophage (D:6)
  A scorpion (D:5)
  A wight (D:7)
  Dowan (D:6)
  7 killer bees
  A howler monkey (D:7)
  A hound (D:5)
  A jelly (D:7)
  An orc priest (D:8)
  2 iguanas
  Natasha (D:3)
  An orc wizard (D:7)
  A gnoll (D:4)
  4 adders
  3 shadow imps
  2 white imps
  An ufetubus (D:5)
  A worm (D:2)
  15 orcs
  5 ball pythons
  7 endoplasms
  6 giant cockroaches
  3 goblins
  6 hobgoblins
  A jackal (D:1)
  4 quokkas
  A bat (D:2)
  A frilled lizard (D:1)
  4 kobolds
  8 rats
119 creatures vanquished.

Vanquished Creatures (collateral kills)
  A kobold demonologist (D:6)
  Prince Ribbit (D:6)
  Grinder (D:6)
  An ice beast (D:6)
  An ogre (D:7)
  A kobold brigand (D:6)
  Blork the orc (D:4)
  A gnoll sergeant (D:4)
  A scorpion (D:5)
  A killer bee (D:6)
  An orc priest (D:4)
  A hound (D:4)
  A jelly (D:6)
  An iguana (D:6)
  Ijyb (D:3)
  Terence (D:3)
  5 orc wizards
  Natasha (twice) (D:3)
  8 gnolls
  6 adders
  2 white imps (D:7)
  A worm (D:2)
  A dart slug (D:4)
  14 orcs
  4 endoplasms
  A goblin (D:1)
  A jackal (D:1)
  2 quokkas (D:1)
  2 ball pythons (D:1)
  2 bats
  2 frilled lizards (D:3)
  2 kobolds
  A rat (D:1)
72 creatures vanquished.

Vanquished Creatures (others)
  A wyvern (D:7)
  A kobold brigand (D:7)
  2 white imps
  An orc (D:7)
  A kobold (D:7)
6 creatures vanquished.

Grand Total: 197 creatures vanquished

Notes
Turn   | Place    | Note
-------+----------+-------------------------------------------
     0 | D:1      | Du3lingdragon the Barachi Summoner began the quest for the
                  | Orb.
     0 | D:1      | Reached XP level 1. HP: 13/13 MP: 3/3
   651 | D:1      | Reached XP level 2. HP: 19/20 MP: 2/5
   688 | D:1      | Learned a level 2 spell: Call Imp
   701 | D:1      | Reached skill level 5 in Summonings
   984 | D:1      | Reached skill level 1 in Fighting
  1130 | D:1      | Found Ahofill's Magic Scroll Shop.
  1357 | D:1      | Reached XP level 3. HP: 25/26 MP: 5/7
  2440 | D:2      | Found a faded altar of an unknown god.
  2941 | D:3      | Noticed Natasha
  3261 | D:3      | Killed Natasha
  3262 | D:3      | Reached XP level 4. HP: 16/33 MP: 4/9
  3830 | D:3      | Noticed Natasha
  3835 | D:3      | Learned a level 3 spell: Call Canine Familiar
  3845 | D:3      | Killed Natasha
  3846 | D:3      | Reached XP level 5. HP: 27/39 MP: 7/11
  3877 | D:3      | Noticed Natasha
  3882 | D:3      | Killed Natasha
  4249 | D:3      | Noticed Ijyb
  4266 | D:3      | Killed Ijyb
  4354 | D:3      | Noticed Terence
  4368 | D:3      | Killed Terence
  4631 | D:4      | Found a shadowy altar of Dithmenos.
  4668 | D:4      | Reached XP level 6. HP: 36/47 MP: 6/13
  4670 | D:4      | Reached skill level 1 in Armour
  5017 | D:4      | Reached skill level 5 in Spellcasting
  5263 | D:4      | Reached XP level 7. HP: 31/53 MP: 11/14
  5401 | D:4      | Noticed Blork the orc
  5413 | D:4      | Killed Blork the orc
  5552 | D:4      | Found a bloodstained altar of Trog.
  5651 | D:5      | Entered Level 5 of the Dungeon
  6132 | D:5      | Reached skill level 1 in Shields
  6301 | D:5      | Identified the +3 spear of Eternal Vigilance {vorpal, Drain
                  | rF+ rN+}
  6641 | D:6      | Reached XP level 8. HP: 49/61 MP: 15/15
  6686 | D:6      | Noticed Maggie
  6707 | D:6      | Killed Maggie
  6708 | D:6      | Reached skill level 5 in Fighting
  6708 | D:6      | Reached skill level 5 in Armour
  6959 | D:6      | Found the +7 Throatcutter {drain, coup de grace}
  6959 | D:6      | Noticed a kobold demonologist
  7009 | D:6      | Noticed an ice devil
  7011 | D:6      | Noticed a ynoxinul
  7330 | D:6      | Noticed Prince Ribbit
  7339 | D:6      | Noticed Grinder
  7340 | D:6      | Killed Prince Ribbit
  7341 | D:6      | Reached XP level 9. HP: 68/68 MP: 9/16
  7346 | D:6      | Killed Grinder
  7492 | D:6      | Killed a kobold demonologist
  7493 | D:6      | Reached skill level 5 in Shields
  8435 | D:6      | Noticed Dowan
  8436 | D:6      | Noticed Duvessa
  8443 | D:6      | Killed Duvessa
  8444 | D:6      | Reached skill level 1 in Long Blades
  8445 | D:6      | Killed Dowan
  8623 | D:7      | Found Pojon's Jewellery Shop.
  8719 | D:7      | Learned a level 3 spell: Summon Guardian Golem
  8863 | D:7      | Reached skill level 5 in Dodging
  8870 | D:7      | Reached XP level 10. HP: 75/77 MP: 8/17
  8904 | D:7      | Reached skill level 5 in Long Blades
  9071 | D:7      | Paralysed by a hornet for 2 turns
  9371 | D:7      | Found a shimmering altar of Xom.
  9534 | D:7      | Found a staircase to the Ecumenical Temple.
  9558 | Temple   | Entered the Ecumenical Temple
  9581 | Temple   | Became a worshipper of Cheibriados the Contemplative
  9992 | D:8      | Found a staircase to the Lair.
  9992 | D:8      | Noticed a death yak
  9992 | D:8      | Noticed a death yak
  9992 | D:8      | Noticed a death yak
  9993 | D:8      | Noticed a death yak
  9995 | D:8      | Noticed a death yak
 10037 | D:7      | Killed a death yak
 10139 | D:7      | Killed a death yak
 10139 | D:7      | HP: 3/82 [spore (8)]
 10140 | D:7      | Killed by an exploding butterfly... ignited by their inner
                  | flame

Illustrated notes

Levels and vault maps discovered:
D:1:      spicycebolla_arrival_transporter_tutorial, layout_rooms,
          serial_curves, eino_curves_03, eino_curves_04, eino_curves_04,
          eino_curves_04, serial_shops, nicolae_shop_stone
D:2:      layout_loops_ring, shapermc_ecumenical_altar_venn
D:3:      layout_rooms, minmay_fractal_squares_5, uniq_natasha, uniq_ijyb,
          uniq_terence
D:4:      layout_basic, trog_book, mainiacjoe_overflow_six_doors_small,
          kennysheep_flooded_box, uniq_blork_the_orc
D:5:      minmay_skewed_foursquare, layout_loops_ring, minivault_5
D:6:      layout_basic, dilly_guarded_unrand_throatcut, uniq_maggie,
          uniq_prince_ribbit1, uniq_grinder, uniq_duvessa
D:7:      layout_basic, xom_confusion_cloud, minmay_temple_entry_stoned_glass,
          serial_shops, nicolae_stop_n_shop_2, corexii_item_surrounded_by_moat,
          minmay_diced_spiral
D:8:      minmay_the_grid_octo_triangle [minmay_the_grid_octo_pinwheel,
          minmay_the_grid_octo_prize_ultimate_mussel_roller,
          minmay_the_grid_octo_checkered], layout_loops_corners,
          grunt_temple_overflow_octagram, dpeg_lair_monsters
Temple:   nicolae_temple_ecumenical_triangle

Skill      XL: |  1  2  3  4  5  6  7  8  9 10 |
---------------+-------------------------------+-----
Summonings     | 5 6 7 8 |  8.4
Fighting       | 1 2 3 4 5 6 8 |  8.6
Spellcasting   | 3 4 5 |  5.8
Armour         | 2 4 6 8 |  8.0
Shields        | 1 4 6 |  6.0
Dodging        | 3 5 |  5.0
Long Blades    | 3 8 |  8.1
Stealth        | |  1.7

Action                   |  1- 3 |  4- 6 |  7- 9 | 10-12 || total
-------------------------+-------+-------+-------+-------++-------
Melee: Unarmed           |    35 |       |       |       ||    35
       Punch             |     4 |       |       |       ||     4
       Whip              |   123 |   131 |    69 |       ||   323
       Dagger            |    11 |       |       |       ||    11
       Mace              |     5 |       |       |       ||     5
       Spear             |       |       |   119 |       ||   119
       Long sword        |       |       |    20 |   106 ||   126
 Cast: Summon Small Mamm |    45 |    38 |    72 |    20 ||   175
       Call Imp          |     3 |     6 |    11 |     4 ||    24
       Call Canine Famil |       |    10 |    37 |    20 ||    67
       Summon Guardian G |       |       |       |     1 ||     1
 Abil: Hop               |       |     1 |       |     2 ||     3
Evoke: Wand              |       |       |     3 |       ||     3
  Use: Scroll            |       |     1 |     3 |     5 ||     9
       Potion            |       |     1 |       |     1 ||     2
 Stab: Sleeping          |     3 |     2 |       |       ||     5
       Distracted        |       |     1 |     2 |     1 ||     4
Armor: Robe              |    19 |       |       |       ||    19
       Ring mail         |    46 |     1 |       |       ||    47
       Leather armour    |       |    44 |    36 |       ||    80
       Skin              |       |     8 |       |       ||     8
       Acid dragon scale |       |       |    49 |    29 ||    78
Dodge: Dodged            |   102 |    94 |   134 |    73 ||   403
Block: Buckler           |       |     4 |    68 |    38 ||   110
